Map: Blueshift LE

Players

Crow

  • Race: Zerg Zerg
  • Spawn Location: 1:00

Zanster - Winner!

  • Race: Zerg Zerg
  • Spawn Location: 7:00

Event: WCS Montreal 2018

VOD

Have the link to the VOD?

Description

Time

  • Played on: Sept. 7, 2018, 5:31 p.m.
  • Length: 4:42

All games in this series

Show
View Real Time Build Order
Export as new Build Order

Crow Zerg 

Build Orders: Hatch First 

Get SALT Encoding   

  12  0:00  Drone  
  13  0:12  Overlord  
  13  0:17  Drone  
  14  0:31  Drone x2  
  16  0:48  Hatchery  
  15  0:51  Drone  
  15  0:55  Drone  
  17  1:10  Spawning Pool  
  16  1:11  Extractor  
  16  1:13  Drone  
  16  1:16  Drone  
  17  1:20  Drone  
  18  1:28  Drone  
  19  1:57  Queen  
  19  1:58  Zergling x2  
  19  2:00  Zergling x2, Queen  
  19  2:01  Zergling x4  
  28  2:22  Zergling x2  
  28  2:25  Overlord  
  28  2:27  Metabolic Boost  
  27  2:35  Spine Crawler  
  26  2:39  Zergling x2  
  27  2:49  Drone x4  
  31  2:59  Overlord  
  31  3:02  Drone x2  
  34  3:05  Overlord  
  34  3:12  Drone  
  35  3:21  Hatchery  
  34  3:27  Zergling x6  
  34  3:34  Zergling x6  
  34  3:35  Zergling x4, Spine Crawler  
  34  3:39  Zergling x4  
  39  3:45  Zergling x2  
  39  3:47  Spine Crawler  
  39  3:51  Zergling x2  
  31  3:57  Zergling x2  
  30  4:04  Zergling x4  
  26  4:12  Zergling x4  
  24  4:22  Zergling x4  
Show
View Real Time Build Order
Export as new Build Order

Zanster Zerg - Winner!

Build Orders: Pool First 

Get SALT Encoding   

  12  0:18  Spawning Pool  
  11  0:22  Drone  
  11  0:26  Drone  
  13  0:31  Drone  
  14  0:40  Overlord  
  14  1:00  Extractor  
  13  1:05  Zergling x6  
  13  1:06  Queen  
  18  1:17  Zergling x2  
  19  1:27  Zergling x2  
  20  1:39  Hatchery  
  19  1:44  Drone  
  20  1:54  Overlord  
  20  2:05  Metabolic Boost  
  20  2:10  Drone  
  20  2:13  Drone  
  22  2:22  Drone x2  
  24  2:28  Drone  
  25  2:38  Queen  
  27  2:45  Overlord  
  27  2:46  Drone  
  28  2:52  Drone x2  
  30  3:06  Zergling x8  
  30  3:07  Zergling x2  
  35  3:15  Zergling x2  
  35  3:19  Zergling x2  
  37  3:29  Zergling x10  
  42  3:39  Baneling Nest, Overlord  
  41  3:44  Zergling x2  
  42  3:55  Zergling x8  
  39  4:05  Zergling x8  
  39  4:07  Zergling x2  
  40  4:11  Zergling x2  
  37  4:17  Zergling x2  
  37  4:25  Zergling x2  
  37  4:27  Baneling  
Tags
 
Add a new tag
Caveats
  • Supply blocks, unpowered buildings, or Contaminate may cause inaccurate times.
  • Supply counts are checked every 10 seconds.